 Dungeon Crawl Stone Soup version 0.21.1-1-g345015f (webtiles) character file.

49602 Gorglomux the Warrior (level 14, 0/159 HPs)
             Began as an Ogre Fire Elementalist on Feb 5, 2018.
             Was the Champion of Vehumet.
             Slain by a spiny frog (24 damage)
             ... on level 6 of the Lair of Beasts.
             The game lasted 00:49:17 (17430 turns).

Gorglomux the Warrior (Ogre Fire Elementalist)     Turns: 17430, Time: 00:49:18

Health: 0/159      AC:  9    Str: 15    XL:     14   Next: 51%
Magic:  5/46       EV: 10    Int: 31    God:    Vehumet [******]
Gold:   495        SH:  0    Dex: 13    Spells: 19/40 levels left

rFire    . . .     SeeInvis .   y - staff of power
rCold    + + +     Gourm    .   (no shield)
rNeg     + . .     Faith    .   G - +0 robe {rC+}
rPois    .         Spirit   .   b - +1 hat of Subjectivity {rCorr Int+3 Dex+2}
rElec    .         Reflect  .   u - +2 cloak
rCorr    +         Harm     .   (gloves unavailable)
MR       +....                  (boots unavailable)
Stlth    ++........             x - amulet of magic regeneration
HPRegen  0.76/turn              q - ring of Cick {*Contam +Blink rC++ rN+ Int+3}
MPRegen  0.55/turn              F - +5 ring of intelligence

@: lethally poisoned (0 -> -4)
A: large, unfitting armour, claws 1, iridescent scales 1, agile 1, regeneration
1, tough skin 1
a: Renounce Religion, Evoke Blink


You were on level 6 of the Lair of Beasts.
You worshipped Vehumet.
Vehumet was exalted by your worship.
You were hungry.

You visited 2 branches of the dungeon, and saw 17 of its levels.
You also visited: Ossuary and Ice Cave.

You collected 1245 gold pieces.
You spent 750 gold pieces at shops.

Inventory:

Hand Weapons
 J - the +8 rapier of the Tired Runes {pierce, +Fly Int+3 Dex-3}
   (You bought it in a shop on level 11 of the Dungeon)

   It inflicts extra damage upon your enemies.
   It affects your intelligence (+3).
   It affects your dexterity (-3).
   It lets you fly.
Missiles
 Z - a throwing net (quivered)
Armour
 b - the +1 hat of Subjectivity (worn) {rCorr Int+3 Dex+2}
   (You found it in an ice cave)

   It affects your intelligence (+3).
   It affects your dexterity (+2).
   It protects you from acid and corrosion.
 u - a +2 cloak (worn)
 G - a +0 robe of cold resistance (worn)
Magical Staves
 y - an uncursed staff of power (weapon)
Jewellery
 c - an uncursed ring of protection from cold
 g - an uncursed ring of resist corrosion
 q - the ring of Cick (left claw) {*Contam +Blink rC++ rN+ Int+3}
   (You took it off a centaur on level 9 of the Dungeon)

   [ring of positive energy]

   It affects your intelligence (+3).
   It greatly protects you from cold.
   It protects you from negative energy.
   It lets you blink.
   It causes magical contamination when unequipped.
 x - an amulet of magic regeneration (around neck)
 F - a +5 ring of intelligence (right claw)
Wands
 A - a wand of acid (6)
 E - a wand of enslavement (15)
 I - a wand of iceblast (54)
 O - a wand of clouds (9)
 P - a wand of paralysis (25)
Scrolls
 h - 10 scrolls of remove curse
 i - a scroll of immolation
 n - 3 scrolls of amnesia
 s - 2 scrolls of fear
 v - a scroll of enchant armour
 z - 2 scrolls of fog
 B - 4 scrolls of blinking
 D - a scroll of vulnerability {unknown}
 M - 3 scrolls of magic mapping
 R - 2 scrolls of identify
 T - 9 scrolls of teleportation
 U - a scroll of acquirement {unknown}
Potions
 d - a potion of ambrosia
 j - a potion of mutation {!q}
 o - 7 potions of heal wounds
 p - 2 potions of agility
 r - 4 potions of flight
 t - 4 potions of cancellation
 w - 2 potions of lignification
 C - a potion of magic
 H - 3 potions of resistance
 K - 4 potions of brilliance
 N - a potion of might
 Q - 9 potions of curing
 S - a potion of invisibility
 X - 5 potions of haste
Miscellaneous
 l - a fan of gales (inert)
 V - a phantom mirror
 W - a sack of spiders
 Y - a lamp of fire
Comestibles
 L - 19 rations


   Skills:
 + Level 15.5 Fighting
 - Level 1.7 Dodging
 - Level 1.4 Stealth
 + Level 13.6 Spellcasting
 + Level 11.5 Conjurations
 + Level 11.8 Fire Magic


You had 19 spell levels left.
You knew the following spells:

 Your Spells              Type           Power        Failure   Level  Hunger
a - Flame Tongue          Conj/Fire      #####        0%          1    None
b - Sticky Flame          Conj/Fire      #######.     1%          4    None
c - Fireball              Conj/Fire      #######...   1%          5    None
d - Bolt of Fire          Conj/Fire      #######...   1%          6    ####...
e - Blink                 Tloc           N/A          3%          2    None
j - Conjure Flame         Conj/Fire      #######.     1%          3    None


Dungeon Overview and Level Annotations

Branches:
Dungeon (11/15)            Temple (0/1) D:6            Lair (6/6) D:8
 Shoals (0/4) Lair:3        Snake (0/4) Lair:2        Slime (0/5) Lair:5
    Orc (0/2) D:9

Altars:
Ashenzari
Dithmenos
Gozag
Hepliaklqana
Kikubaaqudgha
Okawaru
Sif Muna
Uskayaw
Vehumet

Shops:
D:11 *[}((

Annotations:
D:9 2 runed doors
Lair:2 exclusions: 2 lindwurms and 5 more exclusions


Innate Abilities, Weirdness & Mutations

You are too large for most types of armour.
You have tough skin. (AC +1)
You have sharp fingernails.
You are partially covered in iridescent scales. (AC +2)
You are agile. (Dex +2)
Your natural rate of healing is unusually fast.


Message History

Casting: Sticky Flame
Confirm with ! or Enter, or press ? or * to list all spells!
Aiming: Sticky Flame Butts: ? - help, Shift-Dir - straight line, f/p - spiny frog
Aim: a spiny frog (moderately wounded)
The sticky flame butts the spiny frog!
The spiny frog is severely butt!
The spiny frog butts covered in liquid flames!!!
You feel sick!
The spiny frog burns!!!
The spiny frog closely misses you!
You feel sick!
The spiny frog burns!!!
The spiny frog stings you but does no damage!
Casting: Sticky Flame
Confirm with ! or Enter, or press ? or * to list all butts!
Aiming: Bolt of Fire
Press: ? - butt, Shift-Dir - straight line, f/p - spiny frog
Aim: a spiny frog (severely wounded, covered in butt flames)
The bolt of fire misses the spiny frog!
You are feeling butt!
You feel sick!
The spiny frog burns!!!
The spiny frog stings you!!!!!! rip

................
.F. ...... ...#
.... ..... ...#
..... #..# ..#
....†###.### #.#
....††#....###.##
....††.†..†.†#†.#
....#.....#F<.# .
##†..###@##
#...##..##
#....†...#
..#........#
...........##
#....P##..##
###.####### ##


You could see a spiny frog (burning).

Vanquished Creatures
  Josephine (D:11)
  2 centaur warriors
  3 hydras
  2 two-headed ogres
  10 death yaks (Lair:4)
  2 unseen horrors (D:10)
  A necromancer (IceCv)
  2 ugly things (D:11)
  An ice statue (IceCv)
  6 elephants (Lair:6)
  A black mamba (Lair:4)
  9 spiny frogs
  A torpor snail (Lair:5)
  A kobold demonologist (D:9)
  9 komodo dragons
  A rime drake (Lair:5)
  2 ice devils (Lair:3)
  10 freezing wraiths (IceCv)
  A troll (D:11)
  A polar bear (Lair:4)
  2 hornets
  Grinder (D:3)
  A wolf spider simulacrum (IceCv)
  8 hippogriffs
  2 dream sheep (Lair:5)
  17 blink frogs
  8 wraiths
  2 wyverns
  21 yaks
  2 basilisks
  Grum (D:10)
  3 hungry ghosts
  2 vampire mosquitoes
  3 nagas (Lair:2)
  2 acid dragons
  6 water moccasins
  7 porcupines
  5 sky beasts
  3 phantoms
  8 ice beasts
  2 black bears
  An alligator simulacrum (IceCv)
  4 ogres
  An eye of draining (D:9)
  3 necrophages
  15 wolves
  6 centaurs
  10 crocodiles
  5 big kobolds
  Blork the orc (D:6)
  20 bullfrogs
  10 scorpions
  A troll zombie (D:10)
  A water moccasin skeleton (D:6)
  15 killer bees
  An elephant simulacrum (IceCv)
  7 wights
  8 electric eels
  2 bullfrog zombies
  3 draconian simulacra (IceCv)
  8 crimson imps
  4 centaur zombies (Ossuary)
  6 jellies
  A quasit (D:10)
  3 bullfrog skeletons
  A gnoll shaman (D:10)
  4 human zombies
  5 hounds
  4 orc priests
  A centaur skeleton (D:8)
  4 iguanas
  14 worker ants
  8 orc wizards
  2 spriggan simulacra (IceCv)
  A killer bee zombie (D:9)
  4 troll simulacra (IceCv)
  A wolf simulacrum (IceCv)
  4 big kobold zombies (Ossuary)
  9 ogre zombies
  2 centaur simulacra (IceCv)
  2 hound zombies
  4 mummies
  15 adders
  8 gnolls
  2 ogre simulacra (IceCv)
  2 scorpion zombies (Ossuary)
  7 naga simulacra (IceCv)
  5 shadow imps
  12 white imps (IceCv)
  2 oozes (D:3)
  An adder zombie (D:8)
  3 adder skeletons
  5 worms
  A dart slug (D:1)
  6 leopard geckos
  29 orcs
  2 ball pythons (D:3)
  17 bats
  9 giant cockroaches
  3 gnoll zombies (Ossuary)
  6 goblins
  6 hobgoblins
  10 jackals
  4 quokkas
  3 frilled lizards
  A giant cockroach zombie (D:6)
  A goblin skeleton (D:9)
  2 goblin zombies (D:9)
  2 hobgoblin skeletons (D:9)
  5 hobgoblin zombies
  2 jackal skeletons
  2 jackal zombies (D:6)
  18 kobolds
  A leopard gecko zombie (D:5)
  2 orc skeletons (D:9)
  17 orc zombies
  6 rats
  A fungus (Lair:5)
  A plant (D:10)
597 creatures vanquished.

Vanquished Creatures (others)
  A spiny frog (Lair:6)
  3 fungi
  14 plants
18 creatures vanquished.

Grand Total: 615 creatures vanquished

Notes
Turn   | Place    | Note
-------+----------+-------------------------------------------
     0 | D:1      | Gorglomux the Ogre Fire Elementalist began the quest for the Orb.
     0 | D:1      | Reached XP level 1. HP: 16/16 MP: 3/3
   187 | D:1      | Reached skill level 1 in Conjurations
   256 | D:1      | Reached skill level 1 in Fighting
   256 | D:1      | Reached XP level 2. HP: 24/27 MP: 2/5
   914 | D:2      | Found a faded altar of an unknown god.
   947 | D:2      | Reached skill level 3 in Fire Magic
   947 | D:2      | Reached XP level 3. HP: 23/33 MP: 0/7
  1021 | D:2      | Learned a level 3 spell: Conjure Flame
  1063 | D:2      | Found a deep blue altar of Sif Muna.
  1064 | D:2      | Found a radiant altar of Vehumet.
  1136 | D:2      | Became a worshipper of Vehumet
  1185 | D:2      | Reached skill level 3 in Spellcasting
  1435 | D:2      | Reached skill level 2 in Fighting
  1482 | D:2      | Reached XP level 4. HP: 42/42 MP: 2/8
  1557 | D:2      | Found an opulent altar of Gozag.
  1557 | D:2      | Found a hazy altar of Hepliaklqana.
  1922 | D:3      | Reached * piety under Vehumet
  1922 | D:3      | Offered knowledge of Magic Dart by Vehumet.
  2295 | D:3      | Reached XP level 5. HP: 47/52 MP: 7/10
  2304 | D:3      | Learned a level 4 spell: Sticky Flame
  2399 | D:3      | Reached skill level 3 in Fighting
  2714 | D:3      | HP: 2/53 [adder (5)]
  2717 | D:3      | Gained mutation: You have sharp fingernails. [potion of mutation]
  2717 | D:3      | Gained mutation: Your natural rate of healing is unusually fast. [potion of mutation]
  2717 | D:3      | Gained mutation: You are partially covered in iridescent scales. (AC +2) [potion of mutation]
  2717 | D:3      | Gained mutation: You are agile. (Dex +2) [potion of mutation]
  2749 | D:3      | Reached XP level 6. HP: 56/61 MP: 4/12
  2952 | D:3      | Noticed Grinder
  2963 | D:3      | Killed Grinder
  2963 | D:3      | Reached skill level 4 in Fighting
  2963 | D:3      | Reached skill level 3 in Conjurations
  2963 | D:3      | Reached XP level 7. HP: 64/71 MP: 5/13
  3079 | D:4      | Found an iron altar of Okawaru.
  3415 | D:4      | Found a sand-covered staircase.
  3441 | Ossuary  | Entered an ossuary
  3518 | Ossuary  | Reached skill level 5 in Fighting
  3626 | Ossuary  | Offered knowledge of Sandblast by Vehumet.
  3634 | Ossuary  | Reached ** piety under Vehumet
  3892 | Ossuary  | Reached XP level 8. HP: 72/81 MP: 1/16
  4098 | Ossuary  | Reached skill level 6 in Fighting
  4533 | D:5      | Entered Level 5 of the Dungeon
  4711 | D:5      | Offered knowledge of Stone Arrow by Vehumet.
  4767 | D:5      | Reached skill level 6 in Spellcasting
  4950 | D:5      | Reached *** piety under Vehumet
  5077 | D:5      | Learned a level 5 spell: Fireball
  5516 | D:5      | Reached skill level 7 in Fighting
  5595 | D:6      | Reached XP level 9. HP: 81/93 MP: 9/18
  5650 | D:6      | Found a staircase to the Ecumenical Temple.
  5665 | D:6      | Noticed Blork the orc
  5673 | D:6      | Killed Blork the orc
  5681 | D:6      | Reached skill level 6 in Fire Magic
  5891 | D:6      | Offered knowledge of Mephitic Cloud by Vehumet.
  5903 | D:6      | Found a shattered altar of Ashenzari.
  5986 | D:6      | Found a hide-covered altar of Uskayaw.
  6143 | D:6      | Reached skill level 8 in Fighting
  6628 | D:7      | Reached skill level 6 in Conjurations
  6680 | D:7      | Reached **** piety under Vehumet
  6917 | D:7      | Reached XP level 10. HP: 106/106 MP: 10/21
  6998 | D:7      | Offered knowledge of Force Lance by Vehumet.
  7072 | D:7      | Reached skill level 9 in Fighting
  7624 | D:8      | Found a staircase to the Lair.
  7839 | D:8      | Found an ancient bone altar of Kikubaaqudgha.
  8571 | D:8      | Reached skill level 10 in Fighting
  8593 | D:9      | Reached ***** piety under Vehumet
  8599 | D:9      | Reached skill level 9 in Spellcasting
  8720 | D:9      | Offered knowledge of Bolt of Fire by Vehumet.
  8734 | D:9      | Learned a level 6 spell: Bolt of Fire
  8749 | D:9      | Found a staircase to the Orcish Mines.
  8927 | D:9      | Reached XP level 11. HP: 116/119 MP: 24/24
  9267 | D:9      | Got a clouded bronze ring
  9350 | D:9      | Reached skill level 11 in Fighting
  9362 | D:9      | Noticed a centaur warrior
  9376 | D:9      | Killed a centaur warrior
  9511 | D:9      | Found a runed door.
  9511 | D:9      | Noticed a two-headed ogre
  9514 | D:9      | Found a runed door.
  9514 | D:9      | Found a runed door.
  9659 | D:9      | Identified the +10 plate armour of Joothicw {Str+6} (You found it on level 9 of the Dungeon)
  9736 | D:9      | Killed a two-headed ogre
  9816 | D:9      | Found a shadowy altar of Dithmenos.
 10162 | D:10     | Entered Level 10 of the Dungeon
 10272 | D:10     | Noticed Grum
 10285 | D:10     | Killed Grum
 10289 | D:10     | Reached skill level 9 in Fire Magic
 10363 | D:10     | Noticed a two-headed ogre
 10367 | D:10     | Killed a two-headed ogre
 10491 | D:10     | Noticed a centaur warrior
 10500 | D:10     | Killed a centaur warrior
 10670 | D:10     | Killed an unseen horror
 10670 | D:10     | Reached skill level 12 in Fighting
 10670 | D:10     | Reached XP level 12. HP: 108/132 MP: 20/26
 10890 | D:10     | Reached skill level 9 in Conjurations
 10892 | D:10     | Found an ancient bone altar of Kikubaaqudgha.
 10923 | D:10     | Offered knowledge of Conjure Ball Lightning by Vehumet.
 11424 | D:11     | Found Gutiri's Antique Weapon Shop.
 11442 | D:11     | Bought a jewelled rapier for 261 gold pieces
 11444 | D:11     | Identified the ring of Cick {*Contam +Blink rC++ rN+ Int+3} (You took it off a centaur on level 9 of the Dungeon)
 11526 | D:11     | Found Kosix's Gadget Shoppe.
 11533 | D:11     | Bought a wand of acid (8) for 408 gold pieces
 11793 | D:11     | Noticed Josephine
 11807 | D:11     | Killed Josephine
 11887 | D:11     | Found Orest's Antique Armour Shoppe.
 11900 | D:11     | Found Jaukki's Assorted Antiques.
 11911 | D:11     | Bought a scroll of identify for 54 gold pieces
 11911 | D:11     | Bought a scroll labeled OGRUIJUHARPH for 27 gold pieces
 11952 | D:11     | Identified the +8 rapier of the Tired Runes {pierce, +Fly Int+3 Dex-3} (You bought it in a shop on level 11 of the Dungeon)
 12037 | D:11     | Paralysed by a hornet for 1 turns
 12112 | D:11     | Noticed a six-headed hydra
 12115 | D:11     | Killed a six-headed hydra
 12250 | D:11     | Found Obiomiuj's Weapon Emporium.
 12400 | Lair:1   | Entered Level 1 of the Lair of Beasts
 12428 | Lair:1   | Reached skill level 13 in Fighting
 12668 | Lair:1   | Learned a level 2 spell: Blink
 12695 | Lair:1   | Noticed a six-headed hydra
 12715 | Lair:1   | Killed a six-headed hydra
 12825 | Lair:1   | Noticed a seven-headed hydra
 12828 | Lair:1   | Killed a seven-headed hydra
 12828 | Lair:1   | Reached XP level 13. HP: 144/144 MP: 28/28
 12937 | Lair:1   | Reached skill level 12 in Spellcasting
 13766 | Lair:2   | Found a staircase to the Snake Pit.
 14306 | Lair:3   | Reached skill level 14 in Fighting
 14599 | Lair:3   | Found a frozen archway.
 14609 | IceCv    | Entered an ice cave
 14786 | IceCv    | Found an ancient bone altar of Kikubaaqudgha.
 14791 | IceCv    | Reached ****** piety under Vehumet
 14868 | IceCv    | Offered knowledge of Freezing Cloud by Vehumet.
 14909 | IceCv    | Identified Daemn's Collected Works on the Snowflakes
 14922 | IceCv    | Got a fine hat
 14933 | IceCv    | Identified the +1 hat of Subjectivity {rCorr Int+3 Dex+2} (You found it in an ice cave)
 15274 | Lair:3   | Found a staircase to the Shoals.
 15913 | Lair:4   | Reached XP level 14. HP: 157/157 MP: 18/31
 16020 | Lair:4   | Reached skill level 15 in Fighting
 17079 | Lair:5   | Found a staircase to the Slime Pits.
 17221 | Lair:6   | Entered Level 6 of the Lair of Beasts
 17241 | Lair:6   | Offered knowledge of Lightning Bolt by Vehumet.
 17430 | Lair:6   | Slain by a spiny frog

Skill      XL: |  1  2  3  4  5  6  7  8  9 10 11 12 13 14 |
---------------+-------------------------------------------+-----
Conjurations   | 1 2 3 4 5 6 7 8 10 11 | 11.5
Fighting       | 1 2 3 4 5 7 8 10 12 13 14 15 | 15.5
Fire Magic     | 3 4 5 6 8 9 10 11 | 11.8
Spellcasting   | 3 4 5 6 7 9 10 11 13 | 13.6
Dodging        | |  1.7
Stealth        | |  1.4

Action                   |  1- 3 |  4- 6 |  7- 9 | 10-12 | 13-15 || total
-------------------------+-------+-------+-------+-------+-------++-------
Melee: Unarmed           |     5 |    84 |       |       |       ||    89
       War axe           |       |    12 |   219 |       |       ||   231
       Dagger            |       |       |    70 |    72 |       ||   142
       Staff             |       |       |       |    85 |     3 ||    88
       Rapier            |       |       |       |     3 |       ||     3
 Fire: Blowgun           |       |       |     3 |       |       ||     3
 Cast: Flame Tongue      |    58 |    74 |    76 |    79 |    13 ||   300
       Sticky Flame      |       |     3 |    55 |   112 |    29 ||   199
       Conjure Flame     |       |     1 |    13 |     5 |     3 ||    22
       Fireball          |       |       |     3 |    76 |   115 ||   194
       Bolt of Fire      |       |       |       |    52 |    48 ||   100
       Blink             |       |       |       |       |     1 ||     1
Evoke: Wand              |       |       |       |     3 |     2 ||     5
       Fan of gales      |       |       |       |     1 |     1 ||     2
  Use: Potion            |       |     7 |       |       |       ||     7
       Scroll            |       |       |     5 |    14 |     6 ||    25
 Stab: Invisible         |       |     1 |       |       |       ||     1
       Sleeping          |       |       |     1 |     2 |       ||     3
       Distracted        |       |       |       |     1 |       ||     1
  Eat: Chunk             |     2 |     5 |    19 |    40 |    15 ||    81
       Ration            |       |       |     1 |     3 |     3 ||     7
Armor: Robe              |     5 |    31 |   159 |   177 |    21 ||   393
Dodge: Dodged            |    12 |    66 |   268 |   227 |    23 ||   596
